 Dungeon Crawl Stone Soup version 0.30-a0-737-gf23d94013f (webtiles) character file.

Game seed: 6957196731115638099

395 mopl the Cudgeller (level 6, -1/66 HPs)
             Began as an Ogre Gladiator on Feb 2, 2023.
             Slain by an orc wizard
             ... wielding a +0 dagger
              (2 damage)
             ... on level 4 of the Dungeon.
             The game lasted 00:04:32 (2872 turns).

mopl the Cudgeller (Ogre Gladiator)                 Turns: 2872, Time: 00:04:32

Health: -1/66      AC:  3    Str: 13 (16) XL:     6   Next: 82%
Magic:  6/6        EV: 10    Int:  6 (9)  God:
Gold:   82         SH:  0    Dex: 10 (12) Spells: 5/5 levels left

rFire   + . .      SeeInvis .    a - +6 flail "Homiptos" {freeze, rElec rF+ rN+ Str-3}
rCold   . . .      Faith    .    (no shield)
rNeg    + . .      Spirit   .    b - +0 robe
rPois   .          Reflect  .    c - +0 hat
rElec   +          Harm     .    (no cloak)
rCorr   .          Rampage  .    (gloves unavailable)
Will    .....                    (boots unavailable)
Stlth   +                        (no amulet)
HPRegen 0.31/turn                (no ring)
MPRegen 0.10/turn                (no ring)

@: brilliant, hasted, very quick
A: large, unfitting armour, tough skin 1
a: no special abilities


You were on level 4 of the Dungeon.
You visited 1 branch of the dungeon, and saw 4 of its levels.

You collected 199 gold pieces.
You spent 117 gold pieces at shops.

Inventory:

Hand Weapons
 a - the +6 flail "Homiptos" (weapon) {freeze, rElec rF+ rN+ Str-3}
   (You found it on level 3 of the Dungeon)

   Str:       It affects your strength (-3).
   rF:        It protects you from fire.
   rElec:     It insulates you from electricity.
   rN:        It protects you from negative energy.
Missiles
 d - 4 throwing nets
 g - 5 curare-tipped darts
 m - a large rock (quivered)
 r - 3 javelins
Armour
 b - a +0 robe (worn)
 c - a +0 hat (worn)
Jewellery
 l - a +5 ring of evasion
 q - a ring of ice
Scrolls
 h - 2 scrolls of acquirement {unknown}
 j - 2 scrolls of enchant weapon {unknown}
 n - a scroll of noise {unknown}
 o - a scroll of amnesia {unknown}
 v - 3 scrolls of identify {unknown}
Potions
 e - a potion of brilliance
 f - a potion of lignification {unknown}
 i - a potion of degeneration
 k - a potion of haste
 p - 2 potions of might {unknown}
 s - 3 potions of curing
 t - a potion of attraction {unknown}
 u - 2 potions of invisibility {unknown}
 w - a potion of heal wounds {unknown}


   Skills:
 + Level 5.0 Fighting
 * Level 5.1 Maces & Flails
 + Level 3.7 Throwing
 + Level 0.4 Armour
 + Level 2.8 Dodging


You had 5 spell levels left.
You didn't know any spells.
Your spell library was empty.

Dungeon Overview and Level Annotations

Branches:
Dungeon (4/15)
 Temple: D:4-7

Altars:
Gozag

Shops:
D:3 *   D:4 *


Innate Abilities, Weirdness & Mutations

You are too large for most types of armour.
You have tough skin. (AC +1)


Message History

Something tries to affect you, but you resist.
Something hits you. x2
You miss something. Something hits you. x3
You barely miss something. Something hits you. x2
Something hits you but does no damage.
You barely miss something. Something hits you but does no damage.
Something hits you. Something hits you but does no damage.
You sock something! You freeze something.
Something hits you but does no damage. Something hits you. x2
* * * LOW HITPOINT WARNING * * *
You closely miss something. Something hits you but does no damage.
Something hits you.
* * * LOW HITPOINT WARNING * * *
Something hits you but does no damage. Something completely misses you.
Something hits you.
* * * LOW HITPOINT WARNING * * *
The orc wizard points at you and mumbles some strange words.
The magic dart hits something.
Something hits you.
* * * LOW HITPOINT WARNING * * *
It was a potion of brilliance.
You feel clever all of a sudden. Something hits you.
* * * LOW HITPOINT WARNING * * *
Something hits you but does no damage. Something hits you.
* * * LOW HITPOINT WARNING * * *
It was a potion of degeneration.
There was something very wrong with that liquid.
You feel weakened.
You feel dopey.
You feel clumsy. Something hits you.
* * * LOW HITPOINT WARNING * * *
Something hits you.
* * * LOW HITPOINT WARNING * * *
Something hits you.
* * * LOW HITPOINT WARNING * * *
It was a potion of haste.
You feel yourself speed up. Something hits you.
* * * LOW HITPOINT WARNING * * *
The orc wizard gestures at you while chanting.
The puff of flame misses you. Something hits you but does no damage.
Something hits you.
You die...

.. . .# #. ## .## ... #. ..#
#..###.###.## #..#..o .#..#
#..###{###..# #....#{@....#
#....###{.#.# #.#
#........##.####### #.#
..#.##...##.......###### #
###.### #>...................#
#.#.....#.##########≈≈≈≈≈≈≈....#
#.#######.# #≈.....≈≈≈≈.#
##.~≈≈≈≈≈~.# #≈.⌠.⌠....≈.# .
#######.# #≈..∩..._....


You could see an orc wizard.

Vanquished Creatures
  Grinder (D:3)
  A necrophage (D:4)
  An orc wizard (D:4)
  Robin (D:3)
  4 adders
  A dart slug (D:1)
  2 orcs (D:4)
  4 endoplasms
  2 giant cockroaches (D:1)
  6 goblins
  10 hobgoblins
  3 jackals (D:2)
  3 quokkas
  6 ball pythons
  4 bats
  3 frilled lizards (D:1)
  9 kobolds
  3 rats (D:1)
  A bush (D:1)
65 creatures vanquished.

Notes
Turn   | Place    | Note
-------+----------+-------------------------------------------
     0 | D:1      | mopl the Ogre Gladiator began the quest for the Orb.
     0 | D:1      | Reached XP level 1. HP: 22/22 MP: 1/1
    16 | D:1      | Reached XP level 2. HP: 22/29 MP: 2/2
    53 | D:1      | Reached skill level 3 in Fighting
    53 | D:1      | Reached skill level 3 in Maces & Flails
   572 | D:1      | Reached XP level 3. HP: 34/37 MP: 3/3
  1151 | D:2      | HP: 1/37 [adder (1)]
  1298 | D:2      | Reached XP level 4. HP: 27/45 MP: 4/4
  1645 | D:3      | Noticed Grinder
  1651 | D:3      | Paralysed by Grinder for 2 turns
  1671 | D:3      | Killed Grinder
  1672 | D:3      | Reached skill level 4 in Fighting
  1672 | D:3      | Reached skill level 4 in Maces & Flails
  1672 | D:3      | Reached skill level 3 in Throwing
  1672 | D:3      | Reached XP level 5. HP: 14/55 MP: 5/5
  1672 | D:3      | Reached XP level 6. HP: 16/63 MP: 6/6
  1968 | D:3      | Found Yclac's Assorted Antiques.
  1972 | D:3      | Bought a red potion for 22 gold pieces
  1972 | D:3      | Bought 2 fizzy puce potions for 45 gold pieces
  1972 | D:3      | Bought a scroll labelled HIOBONW CUXAKOM for 25 gold pieces
  1972 | D:3      | Bought a scroll labelled NIZU CAENOWK for 25 gold pieces
  2000 | D:3      | Identified the +6 flail "Homiptos" {freeze, rElec rF+ rN+
                  | Str-3}
  2116 | D:3      | Found a faded altar of an unknown god.
  2313 | D:3      | Noticed Robin
  2331 | D:3      | Killed Robin
  2693 | D:4      | Reached skill level 5 in Maces & Flails
  2745 | D:4      | Reached skill level 5 in Fighting
  2788 | D:4      | Found Gozag's Platinum Reserve.
  2793 | D:4      | Found an opulent altar of Gozag.
  2871 | D:4      | HP: 3/66 [something (1)]
  2871 | D:4      | HP: 1/66 [something (1)]
  2872 | D:4      | Slain by an orc wizard

Illustrated notes

Levels and vault maps discovered:
D:1:      minmay_arrival_diagonal_passages, layout_loops_ring, serial_forest,
          infiniplex_forest_lined_3, infiniplex_forest_lined_ring,
          infiniplex_forest_clump_small, infiniplex_forest_end_double,
          infiniplex_forest_clump_large, infiniplex_forest_end_3,
          infiniplex_forest_corner_1, infiniplex_forest_end_1,
          infiniplex_forest_corner_2
D:2:      layout_basic, grunt_ministairs_1
D:3:      layout_loops_corners, serial_shops, shop_statue,
          ebering_ecumenical_altar_abandoned, uniq_robin, uniq_grinder
D:4:      layout_basic, nicolae_gozag_zags_fifth_avenue, bloody_makhleb,
          minmay_temple_entry_proselytizer, portal_sewer_entry_b,
          grunt_ministairs_2, roderic_lattice_a, grunt_decor_cap,
          minmay_a_box_with_orc_wizards_in_it

Skill      XL: |  1  2  3  4  5  6 |
---------------+-------------------+-----
Fighting       | 3 4 5 |  5.0
Maces & Flails | 3 4 5 |  5.1
Throwing       | 3 |  3.7
Armour         | |  0.4
Dodging        | |  2.8

Action                     |  1- 3 |  4- 6 || total
---------------------------+-------+-------++-------
  Melee: Flail             |   203 |    85 ||   288
         Punch             |     1 |     1 ||     2
  Throw: Large rock        |     1 |     1 ||     2
         Javelin           |       |     4 ||     4
    Use: Potion            |     2 |     3 ||     5
   Stab: Sleeping          |     2 |       ||     2
 Armour: Robe              |    29 |    34 ||    63
  Dodge: Dodged            |    71 |    51 ||   122

Table legend: (Time is in decaauts)
 A = Elapsed time spent in this place.
 B = Non-inter-level travel time spent in this place.
 C = Inter-level travel time spent in this place.
 D = Time resting spent in this place.
 E = Time spent auto-exploring this place.
 F = Levels seen in this place.
 G = Mean time per level.
                   A        B        C        D        E       F      G
               +--------+--------+--------+--------+--------+-----+--------+
         Total |   2937 |   2878 |     59 |    321 |   1786 |   4 |  734.2 |
       Dungeon |   2937 |   2878 |     59 |    321 |   1786 |   4 |  734.2 |
               +--------+--------+--------+--------+--------+-----+--------+

Top non-repeatable levels by time:
     D:1: 995 daAuts
     D:3: 979 daAuts
     D:2: 675 daAuts
     D:4: 286 daAuts
